 Dungeon Crawl Stone Soup version 0.31-a0-1570-g93c622d222 (webtiles) character file.

Game seed: 13934168327738224315

53881 Xavori the Nimble (level 15, -28/107 HPs)
             Began as a Djinni Chaos Knight on Jan 3, 2024.
             Was a Plaything of Xom.
             Annihilated by a titanic slime creature (94 damage)
             ... on level 12 of the Dungeon.
             The game lasted 00:38:03 (24201 turns).

Xavori the Nimble (Djinni Chaos Knight)            Turns: 24201, Time: 00:38:03

Health: -28/107    AC: 30    Str: 18    XL:     15   Next: 11%
Gold:   1337       EV: 18    Int: 18    God:    Xom [*.....] SH: 14 Dex: 17

rFire   + + +        x - +2 falchion (heavy)
rCold   x x .        g - +2 buckler {AC+3}
rNeg    . . .        K - +0 acid dragon scales
rPois   ∞            d - +2 hat {Stlth+}
rElec   +            q - +2 cloak {Will+}
rCorr   +            (no gloves)
SInv    .            (boots unavailable)
Will    +++++        G - amulet of reflection
Stlth   ++++         u - +4 ring of protection
HPRegen 0.37/turn    N - +4 ring of slaying
MPRegen 0.00/turn

%: reflection, clarity, infuse magic (-29 HP)
@: ice-armoured, flying
A: sickness immunity, fire resistance 3, cold vulnerability 2, float, innate
caster, HP casting, extra vitality 1, thin skeletal structure 1, clarity, clever
1, strong-willed 3, mutation resistance 1, electricity resistance, strong 2,
wild magic 2, MP-powered wands, sturdy frame 2
a: Renounce Religion


You were on level 12 of the Dungeon.
You worshipped Xom.
You were a special plaything of Xom.
You visited 3 branches of the dungeon, and saw 19 of its levels.
You also visited: Ossuary.

You collected 2316 gold pieces.
You spent 979 gold pieces at shops.

Inventory:

Hand Weapons
 a - a +0 falchion of chaos
 v - a +4 triple sword of chaos
 x - a +2 heavy falchion (weapon)
 I - a +0 long sword of flaming
Missiles
 t - 4 throwing nets
Armour
 b - a +2 leather armour
 d - a +2 hat of stealth (worn)
 g - a +2 buckler of protection (worn)
 q - a +2 cloak of willpower (worn)
 s - a +0 helmet
 K - +0 acid dragon scales (worn)
Jewellery
 f - a ring of see invisible
 u - a +4 ring of protection (left hand)
 G - an amulet of reflection (around neck)
 L - a ring of positive energy
 N - a +4 ring of slaying (right hand)
 O - a ring of resist corrosion
 Q - a +6 ring of intelligence
 U - a +6 ring of intelligence
 W - a ring of positive energy
Wands
 h - a wand of charming (48)
 p - a wand of quicksilver (21)
 D - a wand of iceblast (23)
 E - a wand of mindburst (4)
 F - a wand of flame (91)
 S - a wand of digging (14)
Scrolls
 c - 2 scrolls of butterflies
 e - 6 scrolls of teleportation
 j - 3 scrolls of immolation
 n - 8 scrolls of enchant weapon
 w - 2 scrolls of enchant armour
 y - 3 scrolls of blinking
 A - a scroll of brand weapon
 H - 2 scrolls of fear
 J - 2 scrolls of silence
 M - a scroll of identify
 P - a scroll of fog
Potions
 i - 2 potions of brilliance
 k - 5 potions of attraction
 l - 3 potions of haste
 m - 4 potions of curing
 o - 4 potions of heal wounds
 r - 6 potions of degeneration
 z - 5 potions of might
 B - a potion of invisibility
 C - 2 potions of enlightenment
 R - a potion of ambrosia
 T - a potion of lignification
Miscellaneous
 V - a condenser vane


   Skills:
 + Level 10.0 Fighting
 + Level 9.1 Long Blades
 + Level 9.5 Armour
 + Level 10.6 Dodging
 + Level 9.3 Shields
 * Level 9.8 Spellcasting
 * Level 9.8 Conjurations
 * Level 9.8 Hexes
 * Level 9.8 Summonings
 * Level 9.8 Necromancy
 * Level 9.8 Translocations
 * Level 9.8 Fire Magic
 * Level 9.8 Ice Magic
 * Level 9.8 Air Magic
 * Level 9.8 Earth Magic
 * Level 9.8 Alchemy
 + Level 8.2 Evocations


You knew the following spells:

 Your Spells              Type           Power      Damage    Failure   Level
a - Magic Dart            Conj           100%       1d8       1%          1
b - Lesser Beckoning      Tloc           100%       N/A       1%          2
c - Mephitic Cloud        Conj/Alch/Air  63%        N/A       2%          3
d - Ozocubu's Armour      Ice            63%        N/A       2%          3
e - Alistair's Intoxicat  Alch           42%        N/A       12%         5
f - Silence               Hex/Air        31%        N/A       12%         5
g - Dispersal             Tloc           31%        N/A       43%         6
Your spell library was empty.

Dungeon Overview and Level Annotations

Branches:
Dungeon (12/15)            Temple (0/1) D:4            Lair (5/5) D:11
  Swamp (0/4) Lair:2        Snake (0/4) Lair:2        Slime (0/5) Lair:4
    Orc (2/2) D:11            Elf (0/3) Orc:2       Ossuary (visited)

Altars:
Cheibriados
Dithmenos
Elyvilon
Fedhas
Hepliaklqana
Nemelex Xobeh
Qazlal
Trog
Wu Jian
Xom
The Shining One
Jiyva

Shops:
D:1 !   D:5 =   D:6 :   D:7 :   D:11 *   Orc:2 *:[:

Annotations:
D:2 1 runed translucent door, Crazy Yiuf


Innate Abilities, Weirdness & Mutations

You are immune to sickness and miasma.
You are immune to poison.
Your flesh is almost immune to the effects of heat. (rF+++)
You are very vulnerable to cold. (rC--)
You float through the air rather than walking.
You learn spells naturally, not from books.
Your magical power is your life essence.
You have superior vitality. (+4 MHP)
You have a somewhat thin skeletal structure. (Dex +2, Stealth+)
You possess an exceptional clarity of mind.
Your mind is acute. (Int +4, Str/Dex -1)
You are extremely strong-willed. (Will+++)
You are somewhat resistant to further mutation.
You are resistant to electric shocks. (rElec)
Your muscles are very strong. (Str +8, Int/Dex -2)
Your spells are harder to cast, but more powerful.
You expend health (3 HP) to strengthen your wands.
Your movements are less encumbered by armour. (ER -4)


Message History

The enormous slime creature completely misses you.
You slash the enormous slime creature!
The enormous slime creature is severely wounded.
The enormous slime creature closely misses you.
You slash the enormous slime creature!
The enormous slime creature is severely wounded.
You block the enormous slime creature's attack. x2
You hit the enormous slime creature.
The enormous slime creature is severely wounded.
The enormous slime creature closely misses you.
Two slime creatures merge to form a titanic slime creature.
You hit the titanic slime creature.
The titanic slime creature is severely wounded.
Casting: Ozocubu's Armour (mildly dangerous; 2% risk of failure)
Confirm with . or Enter, or press ? or * to list all spells.
Your icy armour thickens.
You barely miss the titanic slime creature.
The titanic slime creature is severely wounded.
You block the titanic slime creature's attack.
You slash the titanic slime creature!
The titanic slime creature is severely wounded.
The titanic slime creature barely misses you.
You block the titanic slime creature's attack.
Unknown command.
You barely miss the titanic slime creature.
The titanic slime creature is severely wounded.
The titanic slime creature hits you!!
You slice the titanic slime creature!!
The titanic slime creature is severely wounded.
The titanic slime creature hits you.
You slash the titanic slime creature!
The titanic slime creature is severely wounded.
The titanic slime creature completely misses you.
The titanic slime creature hits you but does no damage.
You slash the titanic slime creature!
The titanic slime creature is almost dead.
The titanic slime creature hits you!!!!
Ouch! That really hurt!
You die...
Xom thinks this is hilarious!

#.# #.# #.......#.# ###.
#.# #.# #.......#.# ##
#.###.# #####...#.######
##..##.# #...#.......
#......# #...........
###.#### ######...........
#.# ................
#.....######..............
#........@JJ..............
#.###.########............
#.# #...........########
#.# #.........J......# #
#................# #
#................# #
#................# #
#...................
#...........###+####


You could see a titanic slime creature and a slime creature.

Vanquished Creatures
  Saint Roka (Orc:2)
  A titan (shapeshifter) (Lair:1)
  Harold (D:11)
  Erolcha (Orc:2)
  A jorogumo (shapeshifter) (Lair:5)
  2 boulder beetles
  A centaur warrior (D:12)
  2 two-headed ogres
  2 orc high priests (Orc:2)
  2 skysharks (Lair:2)
  5 orc sorcerers (Orc:2)
  2 orc knights
  2 ugly things (D:12)
  A cyclops (D:12)
  A will-o-the-wisp (Lair:2)
  2 kobold blastminers (Orc:2)
  Maurice (D:7)
  6 black mambas
  11 cane toads
  2 unseen horrors (D:11)
  Jeremiah (D:7)
  2 rime drakes (Lair:1)
  13 komodo dragons
  6 polar bears
  2 trolls
  6 hornets (Lair:5)
  7 blink frogs
  6 dream sheep (Lair:4)
  A culicivora (D:5)
  14 spriggans (Lair:5)
  A ynoxinul (D:10)
  2 wyverns
  A vampire (D:12)
  17 yaks
  4 basilisks
  2 wraiths (D:12)
  8 vampire mosquitoes
  5 wargs
  2 steam dragons
  A naga (Lair:2)
  3 acid dragons
  31 water moccasins
  A swamp drake (Lair:1)
  4 black bears (Lair:5)
  12 orc warriors
  3 ice beasts
  3 boggarts (Lair:5)
  3 sky beasts
  4 ogres
  28 wolves
  2 centaurs
  2 kobold brigands (D:9)
  3 scorpions
  A gnoll sergeant (D:7)
  7 bullfrogs
  5 wights (D:9)
  8 killer bees (D:8)
  5 howler monkeys
  3 hounds
  28 orc priests
  2 bombardier beetles
  A jelly (D:5)
  2 sleepcaps
  Ijyb (D:3)
  An iguana (D:6)
  33 orc wizards
  8 mummies (Ossuary)
  6 gnolls
  15 adders
  2 shadow imps
  A white imp (D:6)
  3 ufetubi
  4 ribbon worms
  3 dart slugs
  49 orcs
  10 ball pythons
  12 bats
  2 endoplasms
  4 giant cockroaches
  8 goblins
  A goblin (shapeshifter) (D:4)
  8 hobgoblins
  4 jackals (D:1)
  2 quokkas
  2 frilled lizards (D:1)
  3 gnoll zombies (Ossuary)
  2 hobgoblin zombies (Ossuary)
  18 kobolds
  3 kobold zombies (Ossuary)
  3 rats
517 creatures vanquished.

Vanquished Creatures (collateral kills)
  Pikel (D:7)
  A manticore (D:10)
  2 rime drakes
  A ynoxinul (D:10)
  A wyvern (Lair:4)
  An acid dragon (D:10)
  3 water moccasins
  An orc warrior (D:6)
  A boggart (Lair:5)
  2 lemures (D:7)
  A howler monkey (D:8)
  A gnoll (D:4)
  3 adders (Lair:1)
  6 ufetubi (D:10)
  An orc (D:6)
26 creatures vanquished.

Vanquished Creatures (others)
  A yak (D:11)
  A bombardier beetle (shapeshifter) (D:4)
  A gnoll bouda (D:4)
  4 orc wizards
  3 adders (Lair:1)
  2 orcs (Orc:1)
  10 foxfires (Lair:2)
22 creatures vanquished.

Grand Total: 565 creatures vanquished

Notes
Turn   | Place    | Note
-------+----------+-------------------------------------------
     0 | D:1      | Xavori the Djinni Chaos Knight began the quest for the Orb.
     0 | D:1      | Reached XP level 1. HP: 20/20 MP: 0/0
    80 | D:1      | Found Meiheul's Distillery.
   121 | D:1      | Reached XP level 2. HP: 25/25 MP: 0/0
   160 | D:1      | XOM: potion effect (might)
   317 | D:1      | Reached XP level 3. HP: 27/30 MP: 0/0
   317 | D:1      | Learned a level 1 spell: Magic Dart
   429 | D:1      | XOM: silly message
   442 | D:1      | Reached skill level 1 in Spellcasting
   442 | D:1      | Reached skill level 1 in Conjurations
   442 | D:1      | Reached skill level 1 in Hexes
   442 | D:1      | Reached skill level 1 in Summonings
   442 | D:1      | Reached skill level 1 in Necromancy
   442 | D:1      | Reached skill level 1 in Translocations
   442 | D:1      | Reached skill level 1 in Fire Magic
   442 | D:1      | Reached skill level 1 in Ice Magic
   442 | D:1      | Reached skill level 1 in Air Magic
   442 | D:1      | Reached skill level 1 in Earth Magic
   442 | D:1      | Reached skill level 1 in Alchemy
   928 | D:1      | XOM: silly message
  1332 | D:1      | XOM: god gift: 9 gold pieces
  1359 | D:1      | XOM is BORED!
  1359 | D:1      | XOM: noise
  1600 | D:1      | XOM: scenery: summon butterflies
  1613 | D:1      | XOM: give mutations
  1613 | D:1      | Gained mutation: You are robust. (+10% HP) [Xom's grace]
  1613 | D:1      | Gained mutation: You possess an exceptional clarity of
                  | mind. [Xom's grace]
  1613 | D:1      | Gained mutation: You are strong-willed. (Will+) [Xom's
                  | grace]
  1693 | D:1      | XOM: god gift: +1 buckler of protection
  2200 | D:1      | XOM: god gift: scroll labelled TIVIADO OSHRUE {god gift}
  2348 | D:1      | XOM is BORED!
  2405 | D:1      | XOM: give mutations
  2405 | D:1      | Gained mutation: You expend health (3 HP) to strengthen
                  | your wands. [Xom's grace]
  2405 | D:1      | Gained mutation: You have a beak for a mouth. [Xom's grace]
  2405 | D:1      | Gained mutation: Your spells are a little harder to cast,
                  | but a little more powerful. [Xom's grace]
  2829 | D:1      | XOM: god gift: short sword {god gift}
  3145 | D:1      | XOM: god gift: wand of charming (4)
  3648 | D:1      | XOM: give mutations
  3648 | D:1      | Gained mutation: You have a somewhat thin skeletal
                  | structure. (Dex +2, Stealth+) [Xom's grace]
  3648 | D:1      | Gained mutation: Your mind is acute. (Int +4, Str/Dex -1)
                  | [Xom's grace]
  3648 | D:1      | Gained mutation: Your mind is very acute. (Int +8, Str/Dex
                  | -2) [Xom's grace]
  4160 | D:2      | Found a runed translucent door.
  4161 | D:2      | Noticed Crazy Yiuf
  4250 | D:2      | Reached XP level 4. HP: 33/38 MP: 0/0
  4292 | D:2      | Found a faded altar of an unknown god.
  4455 | D:2      | Found a shimmering altar of Xom.
  4489 | D:2      | XOM: silly message
  4665 | D:3      | XOM: god gift: stone
  4755 | D:3      | Noticed Ijyb
  4755 | D:3      | XOM: 5-stop teleportation journey
  4777 | D:3      | Killed Ijyb
  4778 | D:3      | Reached XP level 5. HP: 44/44 MP: 0/0
  4778 | D:3      | Learned a level 2 spell: Lesser Beckoning
  4879 | D:3      | Reached skill level 1 in Shields
  5481 | D:4      | XOM: butterfly on damage
  5532 | D:4      | Reached XP level 6. HP: 25/50 MP: 0/0
  5569 | D:4      | XOM: 1-stop teleportation journey
  5664 | D:4      | an iguana changed into a shapeshifter
  5664 | D:4      | Noticed a shapeshifter (shapeshifter)
  5664 | D:4      | XOM: polymorph iguana -> shapeshifter
  5664 | D:4      | a shapeshifter changed into a hound
  5667 | D:4      | a bombardier beetle changed into a warg
  5667 | D:4      | Noticed a warg (shapeshifter)
  5831 | D:4      | XOM: butterfly on damage
  5949 | D:4      | XOM: god gift: wand of quicksilver (4)
  5952 | D:4      | Found a staircase to the Ecumenical Temple.
  6042 | D:4      | XOM: enchant monster (bad)
  6052 | D:4      | XOM: 4-stop teleportation journey
  6384 | D:4      | Reached XP level 7. HP: 50/56 MP: 0/0
  6384 | D:4      | Learned a level 3 spell: Mephitic Cloud
  6472 | D:4      | XOM: god gift: 5 stones
  6558 | D:1      | Bought a potion of heal wounds for 60 gold pieces
  6558 | D:1      | Bought a potion of degeneration for 12 gold pieces
  6558 | D:1      | Bought a potion of heal wounds for 60 gold pieces
  6639 | D:5      | XOM: noise
  6639 | D:5      | Entered Level 5 of the Dungeon
  6759 | D:5      | Found a snail-covered altar of Cheibriados.
  6838 | D:5      | Found Cufuleph's Jewellery Shop.
  6935 | D:5      | an ogre changed into a culicivora
  6935 | D:5      | Noticed a culicivora
  6935 | D:5      | XOM: polymorph ogre -> culicivora
  7413 | D:5      | XOM: noise
  7466 | D:5      | Killed a culicivora
  7467 | D:5      | Reached XP level 8. HP: 55/63 MP: 0/0
  7522 | D:6      | XOM: fog
  7590 | D:6      | XOM: cleaving
  7592 | D:6      | XOM: 1-stop teleportation journey
  7646 | D:6      | XOM: summons 1 hostile demon
  7771 | D:6      | XOM: god gift: 31 gold pieces
  7796 | D:6      | XOM: 3-stop teleportation journey
  7852 | D:6      | XOM: enchant monster (bad)
  7884 | D:6      | XOM: give mutations
  7884 | D:6      | Lost mutation: You are robust. (+10% HP) [Xom's mischief]
  7884 | D:6      | Lost mutation: Your mind is very acute. (Int +8, Str/Dex
                  | -2) [Xom's mischief]
  7884 | D:6      | Gained mutation: You are very vulnerable to cold. (rC--)
                  | [Xom's mischief]
  7925 | D:6      | Found Tuotuat's Tiny Tomes.
  7925 | D:6      | XOM: 1-stop teleportation journey
  8181 | D:6      | XOM: noise
  8201 | D:6      | Reached skill level 5 in Fighting
  8201 | D:6      | XOM: blink monster(s)
  8206 | D:6      | XOM: chaos upgrade
  8210 | D:6      | Reached XP level 9. HP: 14/65 MP: 0/0
  8210 | D:6      | Learned a level 3 spell: Ozocubu's Armour
  8249 | D:6      | Reached skill level 5 in Dodging
  8467 | D:6      | Found a sparkling altar of Nemelex Xobeh.
  8571 | D:6      | Found a glowing golden altar of the Shining One.
  8614 | D:7      | Found a white marble altar of Elyvilon.
  8669 | D:7      | XOM: fog
  8698 | D:7      | XOM: potion effect (haste)
  8710 | D:7      | Found a shadowy altar of Dithmenos.
  8739 | D:7      | Noticed Jeremiah
  8741 | D:7      | Noticed Maurice
  8747 | D:7      | XOM: noise
  8748 | D:7      | XOM: divination: detect items
  8749 | D:7      | XOM: cast spell 'Summon Small Mammal'
  8761 | D:7      | Killed Jeremiah
  8762 | D:7      | Reached skill level 5 in Long Blades
  8769 | D:7      | Something stole a +0 falchion of chaos
  8770 | D:7      | Something stole 141 gold
  8770 | D:7      | HP: 3/65 [something (2)]
  8805 | D:7      | Killed Maurice
  8806 | D:7      | Reached skill level 1 in Evocations
  8827 | D:7      | XOM: cloud trail
  8838 | D:7      | Noticed Pikel
  8848 | D:7      | Killed Pikel
  8849 | D:7      | Reached skill level 5 in Armour
  8849 | D:7      | Reached XP level 10. HP: 33/72 MP: 0/0
  8876 | D:7      | Found a sand-covered staircase.
  8885 | Ossuary  | Entered an ossuary
  9006 | Ossuary  | XOM: god gift: +2 morningstar of chaos
  9239 | D:7      | Reached skill level 5 in Spellcasting
  9239 | D:7      | Reached skill level 5 in Conjurations
  9239 | D:7      | Reached skill level 5 in Hexes
  9239 | D:7      | Reached skill level 5 in Summonings
  9239 | D:7      | Reached skill level 5 in Necromancy
  9239 | D:7      | Reached skill level 5 in Translocations
  9239 | D:7      | Reached skill level 5 in Fire Magic
  9239 | D:7      | Reached skill level 5 in Ice Magic
  9239 | D:7      | Reached skill level 5 in Air Magic
  9239 | D:7      | Reached skill level 5 in Earth Magic
  9239 | D:7      | Reached skill level 5 in Alchemy
  9331 | D:7      | Found a blossoming altar of Fedhas.
  9430 | D:7      | XOM: 1-stop teleportation journey
  9533 | D:7      | Found Qaxza's Book Shoppe.
  9717 | D:7      | XOM: divination: detect items
  9845 | D:8      | Noticed a boulder beetle
  9874 | D:8      | XOM: summons friendly iron imp
  9966 | D:7      | XOM: give mutations
  9966 | D:7      | Gained mutation: A frigid envelope surrounds you and
                  | freezes all who hurt you. [Xom's grace]
  9966 | D:7      | Gained mutation: Your movements are slightly less
                  | encumbered by armour. (ER -2) [Xom's grace]
  9966 | D:7      | Gained mutation: You have a moderately thin skeletal
                  | structure. (Dex +4, Stealth++) [Xom's grace]
  9986 | D:8      | XOM: 10-stop teleportation journey
 10000 | D:8      | XOM: enchant monster (good)
 10001 | D:8      | XOM: cleaving
 10034 | D:8      | Reached skill level 5 in Shields
 10034 | D:8      | XOM: cleaving
 10053 | D:8      | XOM: confuse monster(s)
 10236 | D:8      | XOM: scenery: create altars
 10237 | D:8      | XOM: scenery: summon butterflies
 10241 | D:8      | Lost mutation: You have a beak for a mouth. [potion of
                  | mutation]
 10241 | D:8      | Lost mutation: Your movements are slightly less encumbered
                  | by armour. (ER -2) [potion of mutation]
 10241 | D:8      | Lost mutation: You have a moderately thin skeletal
                  | structure. (Dex +4, Stealth++) [potion of mutation]
 10241 | D:8      | Gained mutation: Your muscles are strong. (Str +4, Int/Dex
                  | -1) [potion of mutation]
 10241 | D:8      | Gained mutation: You have hidden genetic potential. [potion
                  | of mutation]
 10265 | D:8      | XOM: polymorph butterfly -> shapeshifter
 10266 | D:8      | Killed a boulder beetle
 10298 | D:8      | XOM: summons friendly white imp
 10349 | D:8      | XOM: confuse monster(s)
 10376 | D:8      | XOM: polymorph yak -> acid dragon
 10387 | D:8      | XOM: give mutations
 10387 | D:8      | Gained mutation: You have a moderately thin skeletal
                  | structure. (Dex +4, Stealth++) [Xom's grace]
 10387 | D:8      | Gained mutation: You are highly strong-willed. (Will++)
                  | [Xom's grace]
 10387 | D:8      | Gained mutation: Your mind is very acute. (Int +8, Str/Dex
                  | -2) [Xom's grace]
 10536 | D:8      | Found a stormy altar of Qazlal.
 10979 | D:9      | XOM: 1-stop teleportation journey
 11023 | D:9      | XOM: god gift: wand of quicksilver (5)
 11072 | D:9      | XOM: divination: detect creatures
 11076 | D:9      | XOM: polymorph kobold -> ball python
 11259 | D:9      | XOM: scenery: summon butterflies
 11338 | D:9      | Found a hazy altar of Hepliaklqana.
 11365 | D:9      | XOM: god gift: +4 triple sword of chaos
 11430 | D:9      | XOM: give mutations
 11430 | D:9      | Gained mutation: Your muscles are very strong. (Str +8,
                  | Int/Dex -2) [Xom's grace]
 11430 | D:9      | Gained mutation: You are extremely strong-willed. (Will+++)
                  | [Xom's grace]
 11430 | D:9      | Gained mutation: Your spells are harder to cast, but more
                  | powerful. [Xom's grace]
 11430 | D:9      | Gained mutation: Your flesh is almost immune to the effects
                  | of heat. (rF+++) [Xom's grace]
 11469 | D:10     | Entered Level 10 of the Dungeon
 11472 | D:10     | XOM: scenery: summon butterflies
 11515 | D:10     | Found an ornate altar of the Wu Jian Council.
 11665 | D:10     | Found a bloodstained altar of Trog.
 11687 | D:10     | Noticed a two-headed ogre
 11693 | D:10     | Killed a two-headed ogre
 11694 | D:10     | Reached XP level 11. HP: 72/78 MP: 0/0
 11694 | D:10     | Learned a level 5 spell: Alistair's Intoxication
 11774 | D:10     | Noticed a manticore
 11778 | D:10     | Killed a manticore
 11786 | D:10     | Gained mutation: Your movements are slightly less
                  | encumbered by armour. (ER -2) [hidden potential]
 11838 | D:10     | XOM: noise
 12138 | D:10     | XOM: cloud trail
 12289 | D:10     | XOM: silly message
 12338 | D:11     | Found Denwokub's Assorted Antiques.
 12480 | D:11     | XOM: silly message
 12762 | D:11     | XOM: butterfly on damage
 12764 | D:11     | XOM: enchant monster (good)
 12777 | D:11     | Noticed Harold
 12783 | D:11     | XOM: chaos upgrade
 12786 | D:11     | Killed Harold
 12786 | D:11     | XOM: swap monsters
 13004 | D:11     | XOM: polymorph wolf -> giant cockroach
 13076 | D:11     | Found a staircase to the Lair.
 13132 | D:11     | XOM: 1-stop teleportation journey
 13298 | D:11     | XOM: cloud trail
 13448 | D:11     | Found a staircase to the Orcish Mines.
 13509 | D:11     | XOM: god gift: scroll labelled LOATWUAK GOB {god gift}
 13537 | Lair:1   | Entered Level 1 of the Lair of Beasts
 13572 | D:11     | XOM: god gift: copper ring {god gift}
 13612 | D:11     | Reached XP level 12. HP: 32/85 MP: 0/0
 13617 | D:11     | Reached skill level 5 in Evocations
 13634 | Lair:1   | Gained mutation: You have a pair of small antennae on your
                  | head. [hidden potential]
 13634 | Lair:1   | Lost mutation: You have hidden genetic potential. [hidden
                  | potential expressed]
 13753 | D:11     | XOM: summons 2 hostile shadow creatures
 13809 | Lair:1   | XOM: confuse monster(s)
 13862 | Lair:1   | XOM: cast spell 'Summon Cactus Giant'
 13951 | Lair:1   | Noticed Gastronok
 13952 | Lair:1   | Gastronok changed into Gastronok the shapeshifter
 13952 | Lair:1   | XOM: polymorph Gastronok -> Gastronok the shapeshifter
 13952 | Lair:1   | Gastronok the shapeshifter changed into Gastronok the titan
 13952 | Lair:1   | Noticed Gastronok (shapeshifter)
 13959 | Lair:1   | Killed Gastronok the titan
 14097 | Lair:1   | XOM: cast spell 'Summon Horrible Things'
 14229 | Lair:1   | XOM: confuse monster(s)
 14295 | Lair:1   | XOM: 1-stop teleportation journey
 14404 | Lair:1   | Found a hazy altar of Hepliaklqana.
 14411 | Lair:1   | You are sucked into a shaft and drop 1 floor!
 14413 | Lair:2   | Found a staircase to the Swamp.
 14421 | Lair:2   | XOM: blink monster(s)
 14432 | Lair:2   | XOM: polymorph wolf -> gnoll
 14436 | Lair:2   | Noticed a skyshark
 14450 | Lair:2   | XOM: divination: detect items
 14458 | Lair:2   | Killed a skyshark
 14485 | Lair:2   | XOM: god gift: 7 stones
 14721 | Lair:2   | Reached XP level 13. HP: 63/92 MP: 0/0
 14721 | Lair:2   | Learned a level 5 spell: Silence
 14809 | Lair:2   | XOM: 1-stop teleportation journey
 14855 | Lair:1   | XOM: divination: detect items
 15340 | Lair:2   | XOM: divination: magic mapping
 15409 | Lair:2   | Found a staircase to the Snake Pit.
 15413 | Lair:2   | XOM: noise
 15646 | Lair:2   | XOM: give mutations
 15646 | Lair:2   | Gained mutation: You are somewhat resistant to further
                  | mutation. [Xom's grace]
 15646 | Lair:2   | Gained mutation: You are resistant to electric shocks.
                  | (rElec) [Xom's grace]
 15646 | Lair:2   | Gained mutation: Your movements are less encumbered by
                  | armour. (ER -4) [Xom's grace]
 15691 | Lair:2   | Identified the +6 flail of Banea {speed, Fly rElec}
 15817 | Lair:2   | XOM: divination: detect items
 16449 | Lair:3   | XOM: scenery: summon butterflies
 16455 | Lair:3   | XOM: cast spell 'Iskenderun's Battlesphere'
 16464 | Lair:3   | XOM: fog
 16483 | Lair:3   | XOM: divination: detect items
 17300 | Lair:4   | Found a viscous altar of Jiyva.
 17300 | Lair:4   | Found a staircase to the Slime Pits.
 17329 | Lair:4   | XOM: scenery: summon butterflies
 17499 | Lair:4   | XOM: cleaving
 17543 | Lair:4   | XOM: enchant monster (good)
 17594 | Lair:4   | XOM: cast spell 'Death Channel'
 18131 | Lair:5   | Entered Level 5 of the Lair of Beasts
 18144 | Lair:5   | Noticed a five-headed hydra
 18156 | Lair:5   | a five-headed hydra changed into a shapeshifter
 18156 | Lair:5   | XOM: polymorph five-headed hydra -> shapeshifter
 18156 | Lair:5   | a shapeshifter changed into an ettin
 18156 | Lair:5   | Noticed an ettin (shapeshifter)
 18161 | Lair:5   | XOM: swap monsters
 18220 | Lair:5   | XOM: swap monsters
 18249 | Lair:5   | XOM: 3-stop teleportation journey
 18339 | Lair:5   | XOM: confuse monster(s)
 18375 | Lair:5   | XOM: noise
 18377 | Lair:5   | XOM: silly message
 18379 | Lair:5   | XOM: swap monsters
 18385 | Lair:5   | XOM: cast spell 'Cause Fear'
 18535 | Lair:5   | XOM: enchant monster (good)
 18576 | Lair:5   | Reached XP level 14. HP: 100/101 MP: 0/0
 18595 | Lair:5   | XOM: enchant monster (good)
 18741 | Lair:5   | XOM: smoke on damage
 18846 | Lair:5   | XOM: enchant monster (good)
 18973 | Lair:5   | XOM: cloud trail
 19248 | Lair:5   | XOM: summons friendly quasit
 19436 | Lair:5   | Reached skill level 10 in Dodging
 19569 | Lair:5   | XOM: cloud trail
 19773 | Lair:5   | XOM: cloud trail
 20362 | Orc:1    | Entered Level 1 of the Orcish Mines
 20596 | Orc:1    | XOM: destruction
 20697 | Orc:1    | XOM: 2-stop teleportation journey
 20898 | Orc:2    | Entered Level 2 of the Orcish Mines
 20977 | Orc:2    | XOM: noise
 21057 | Orc:2    | Found a staircase to the Elven Halls.
 21309 | Orc:2    | XOM: enchant monster (good)
 21322 | Orc:2    | XOM: cleaving
 21627 | Orc:2    | XOM: summons friendly iron imp
 21836 | Orc:2    | XOM: scenery: summon butterflies
 21950 | Orc:2    | XOM: god gift: 2 atropa-tipped darts
 21979 | Orc:2    | Noticed Erolcha
 22081 | Orc:1    | XOM: cloud trail
 22200 | Orc:2    | XOM: god gift: +2 plate armour of fire resistance
 22203 | Orc:2    | Noticed Saint Roka
 22404 | Orc:2    | XOM: summons 2 friendly demons
 22409 | Orc:2    | XOM: summons 5 friendly demons
 22440 | Orc:1    | XOM: torment (17/102 hp)
 22477 | Orc:1    | XOM: summons 8 hostile demons
 22730 | Orc:2    | HP: 4/102 [Saint Roka (9)]
 22732 | Orc:2    | Killed Saint Roka
 23049 | Orc:2    | XOM: smoke on damage
 23094 | Orc:2    | XOM: confuse monster(s)
 23102 | Orc:2    | Killed Erolcha
 23153 | Orc:2    | Found Aciulo's Antique Armour Boutique.
 23153 | Orc:2    | Found Qeluiruc's Assorted Antiques.
 23157 | Orc:2    | Found Jaoghise's Book Shop.
 23231 | Orc:2    | Found Heresof's Book Boutique.
 23235 | Orc:2    | XOM: polymorph orc wizard -> warg
 23239 | Orc:2    | Bought a potion of curing for 63 gold pieces
 23242 | Orc:2    | Bought a transparent plate armour for 784 gold pieces
 23242 | Orc:2    | Identified the +1 plate armour of the Merchant {rF+ rCorr
                  | Slay-2} (You bought it in a shop on level 2 of the Orcish
                  | Mines)
 23448 | Orc:2    | XOM: give mutations
 23448 | Orc:2    | Lost mutation: Your mind is very acute. (Int +8, Str/Dex
                  | -2) [Xom's mischief]
 23448 | Orc:2    | Lost mutation: You have a moderately thin skeletal
                  | structure. (Dex +4, Stealth++) [Xom's mischief]
 23448 | Orc:2    | Lost mutation: You have a pair of small antennae on your
                  | head. [Xom's mischief]
 23448 | Orc:2    | Lost mutation: A frigid envelope surrounds you and freezes
                  | all who hurt you. [Xom's mischief]
 23517 | D:12     | XOM: stealth player
 23801 | D:12     | Noticed Snorg
 23806 | D:12     | Snorg changed into Snorg the bullfrog
 23806 | D:12     | Noticed Snorg
 23806 | D:12     | XOM: polymorph Snorg -> Snorg the bullfrog
 23811 | D:12     | Killed Snorg the bullfrog
 23845 | D:12     | Reached XP level 15. HP: 98/107 MP: 0/0
 23845 | D:12     | Learned a level 6 spell: Dispersal
 23870 | D:12     | XOM: summons 2 friendly demons
 23881 | D:12     | Reached skill level 10 in Fighting
 24012 | D:12     | XOM: summons 3 hostile shadow creatures
 24137 | D:12     | XOM: 4-stop teleportation journey
 24201 | D:12     | Annihilated by a titanic slime creature

Illustrated notes

Levels and vault maps discovered:
D:1:      eino_arrival_cavern_d, layout_loops_cross, serial_shops, shop,
          minmay_strange_pillars
D:2:      layout_loops_ring, hellmonk_ecumenical_altar_defaced_shrine,
          basic_altar, uniq_crazy_yiuf_cottage
D:3:      layout_loops_ring, uniq_ijyb
D:4:      layout_gridville, minmay_temple_entry_gardened_gates,
          hangedman_abyss_or_decor_stagger
D:5:      layout_loops_cross, mainiacjoe_overflow_small_starburst, serial_shops,
          shop
D:6:      layout_rooms, nemelex_spade_bored_becter, tso_altar,
          hangedman_abyss_or_decor_stabs, nicolae_shop_i_like_small_books_too,
          st_stairs_3
D:7:      layout_gridville, old_standard_altar, fedhas_altar_2,
          elyvilon_altar_5, chequers_ossuary_entry_cave, serial_shops,
          kennysheep_little_box, kennysheep_nub, uniq_pikel, uniq_maurice,
          uniq_jeremiah
D:8:      layout_cave_pools, nicolae_qazlal_style_of_elements,
          minmay_misc_feat_enclosed
D:9:      layout_basic, worldfamousw_hep_ancestral_shrine
D:10:     layout_small_grid, trog_hazing_becter,
          nicolae_wu_jian_immortal_techniques, nicolae_wwwww,
          minmay_misc_feat_plants, nicolae_fort_ynox
D:11:     layout_irregular_city, hellmonk_lair_entry_icy, hiddenorc1_lemuel,
          serial_shops, shop, uniq_harold
D:12:     layout_basic, uniq_frances, uniq_snorg
Lair:1:   lemuel_reptile_caves, layout_regular_city, basic_altar, st_stairs_3,
          uniq_gastronok
Lair:2:   layout_gridlike, minmay_swamp_entry_wisps,
          guppyfry_snake_entry_island, grunt_megastairs_1
Lair:3:   layout_loops_ring, serial_forest, infiniplex_forest_end_2,
          infiniplex_forest_straight_2, infiniplex_forest_lined_2,
          infiniplex_forest_pool, infiniplex_forest_clump_double,
          infiniplex_forest_straight_4, infiniplex_forest_lined_corner,
          small_statue_intersection
Lair:4:   layout_big_grid, slime_entry_1, roderic_batcave, serial_bayou_pond_d
Lair:5:   minmay_lair_end_enchanted_forest, layout_cave_pods
Orc:1:    layout_diamond_mine
Orc:2:    st_orc_mages, layout_diamond_mine, uniq_saint_roka, uniq_erolcha

Skill      XL: |  1  2  3  4  5  6  7  8  9 10 11 12 13 14 15 |
---------------+----------------------------------------------+-----
Spellcasting   | 1 2 3 4 6 7 8 9 |  9.8
Conjurations   | 1 2 3 4 6 7 8 9 |  9.8
Hexes          | 1 2 3 4 6 7 8 9 |  9.8
Summonings     | 1 2 3 4 6 7 8 9 |  9.8
Necromancy     | 1 2 3 4 6 7 8 9 |  9.8
Translocations | 1 2 3 4 6 7 8 9 |  9.8
Fire Magic     | 1 2 3 4 6 7 8 9 |  9.8
Ice Magic      | 1 2 3 4 6 7 8 9 |  9.8
Air Magic      | 1 2 3 4 6 7 8 9 |  9.8
Earth Magic    | 1 2 3 4 6 7 8 9 |  9.8
Alchemy        | 1 2 3 4 6 7 8 9 |  9.8
Long Blades    | 3 4 5 6 7 8 9 |  9.1
Armour         | 2 3 4 5 6 7 8 9 |  9.5
Dodging        | 3 4 5 6 7 8 9 10 | 10.6
Shields        | 1 2 3 4 5 6 7 8 9 |  9.3
Fighting       | 4 5 6 7 8 9 10 | 10.0
Evocations     | 2 3 4 6 7 8 |  8.2

Action                     |  1- 3 |  4- 6 |  7- 9 | 10-12 | 13-15 || total
---------------------------+-------+-------+-------+-------+-------++-------
  Melee: Falchion          |   114 |   131 |   260 |   500 |   837 ||  1842
         Peck              |     9 |    27 |    50 |    30 |       ||   116
   Cast: Mephitic Cloud    |       |       |     5 |    26 |    21 ||    52
         Magic Dart        |       |       |     1 |     3 |       ||     4
         Ozocubu's Armour  |       |       |       |     6 |     4 ||    10
         Alistair's Intoxi |       |       |       |       |     2 ||     2
         Silence           |       |       |       |       |     1 ||     1
  Evoke: Wand              |       |     1 |    10 |     7 |     1 ||    19
    Use: Scroll            |     1 |       |     8 |     7 |     5 ||    21
         Potion            |       |       |     5 |     5 |     3 ||    13
   Stab: Confused          |     3 |       |     1 |    24 |    29 ||    57
         Sleeping          |     1 |     5 |     3 |     6 |    13 ||    28
         Paralysed         |       |     1 |       |       |       ||     1
         Petrified         |       |       |     4 |     9 |     5 ||    18
         Distracted        |       |       |       |     5 |     7 ||    12
 Armour: Leather armour    |    73 |    65 |   195 |   107 |       ||   440
         Acid dragon scale |       |       |       |   209 |   396 ||   605
  Dodge: Dodged            |    60 |    57 |   127 |   383 |   630 ||  1257
  Block: Buckler           |     7 |    25 |    68 |   437 |   706 ||  1243
         Reflection        |       |       |       |    18 |     5 ||    23

Table legend: (Time is in decaauts)
 A = Elapsed time spent in this place.
 B = Non-inter-level travel time spent in this place.
 C = Inter-level travel time spent in this place.
 D = Time resting spent in this place.
 E = Time spent auto-exploring this place.
 F = Levels seen in this place.
 G = Mean time per level.
                   A        B        C        D        E       F      G
               +--------+--------+--------+--------+--------+-----+--------+
         Total |  24726 |  23759 |    967 |   6013 |  12790 |  20 | 1236.3 |
       Dungeon |  14369 |  13851 |    518 |   4166 |   7185 |  12 | 1197.4 |
          Lair |   6832 |   6451 |    381 |    686 |   4192 |   5 | 1366.4 |
  Orcish Mines |   3218 |   3152 |     66 |   1147 |   1207 |   2 | 1609.0 |
       Ossuary |    305 |    305 |      0 |     14 |    206 |   1 |  305.0 |
               +--------+--------+--------+--------+--------+-----+--------+

Top non-repeatable levels by time:
     D:1: 3919 daAuts
  Lair:5: 2121 daAuts
   Orc:2: 1852 daAuts
    D:11: 1517 daAuts
  Lair:1: 1406 daAuts
   Orc:1: 1366 daAuts
  Lair:2: 1214 daAuts
     D:4: 1184 daAuts
  Lair:3: 1152 daAuts
     D:6: 1108 daAuts
     D:7: 1098 daAuts
  Lair:4: 938 daAuts
     D:5: 877 daAuts
    D:10: 871 daAuts
     D:2: 835 daAuts
